 Dungeon Crawl Stone Soup version 0.29-a0-1047-g7c58e119a4 (webtiles) character file.

Game seed: 8870425225483984381

326 drugrobin the Trooper (level 6, 0/55 HPs)
             Began as a Demigod Delver on Aug 16, 2022.
             Slain by a black bear (4 damage)
             ... on level 4 of the Dungeon.
             The game lasted 00:11:14 (5049 turns).

drugrobin the Trooper (Demigod Delver)              Turns: 5049, Time: 00:11:15

Health: 0/55       AC:  3    Str: 21    XL:     6   Next: 3%
Magic:  0/11       EV: 16    Int: 12    God:
Gold:   293        SH:  0    Dex: 15    Spells: 4/8 levels left

rFire   . . .      SeeInvis .   a - +0 hand axe
rCold   . . .      Faith    .   (no shield)
rNeg    . . .      Spirit   +   b - +0 leather armour
rPois   .          Reflect  .   (no helmet)
rElec   .          Harm     .   (no cloak)
rCorr   .          Rampage  .   (no gloves)
Will    .....                   (no boots)
Stlth   +++.......              q - amulet of guardian spirit
HPRegen 0.18/turn               h - +4 ring of evasion
MPRegen 0.12/turn               (no ring)

@: no status effects
A: high MP 1, forlorn, divine attributes
a: no special abilities


You were on level 4 of the Dungeon.
You visited 1 branch of the dungeon, and saw 5 of its levels.

You collected 293 gold pieces.

Inventory:

Hand Weapons
 a - a +0 hand axe (weapon)
Armour
 b - a +0 leather armour (worn)
Magical Staves
 v - a staff of air
Jewellery
 h - a +4 ring of evasion (left hand)
 q - an amulet of guardian spirit (around neck)
Wands
 g - a wand of digging (3)
Scrolls
 c - a scroll of fog
 d - a scroll of magic mapping
 e - a scroll of fear
 i - 2 scrolls of poison {unknown}
 j - a scroll of torment {unknown}
 l - 2 scrolls of identify {unknown}
 n - a scroll of enchant armour {unknown}
 o - a scroll of immolation {unknown}
 s - 2 scrolls of vulnerability {unknown}
 u - 2 scrolls of teleportation {unknown}
 w - a scroll of butterflies {unknown}
Potions
 f - 3 potions of haste
 k - 2 potions of heal wounds {unknown}
 m - 3 potions of curing
 p - 3 potions of brilliance {unknown}
 r - 3 potions of invisibility {unknown}
 t - a potion of mutation {unknown}


   Skills:
 + Level 4.9 Fighting
 - Level 1.7 Axes
 - Level 1.7 Dodging
 - Level 4.5 Stealth
 - Level 1.8 Spellcasting
 - Level 0.5 Conjurations
 + Level 3.0 Ice Magic


You had 4 spell levels left.
You knew the following spells:

 Your Spells              Type           Power      Damage    Failure   Level
a - Magic Dart            Conj           8%         1d3       26%         1
b - Call Imp              Summ           1%         N/A       43%         2
c - Freeze                Ice            32%        1d5       10%         1

Your spell library contained the following spells:

 Spells                   Type           Power      Damage    Failure   Level
 Ensorcelled Hibernation  Hex/Ice        8%         N/A       26%         2
 Frozen Ramparts          Ice            16%        1d3       28%         3
 Passwall                 Tmut/Erth      0%         N/A       43%         2
 Mephitic Cloud           Conj/Pois/Air  1%         N/A       65%         3
 Confusing Touch          Hex            1%         N/A       67%         3
 Swiftness                Air            1%         N/A       67%         3
 Hailstorm                Conj/Ice       5%         3d4       83%         4
 Freezing Cloud           Conj/Ice/Air   1%         6-21      99%         5
 Yara's Violent Unravell  Hex/Tmut       0%         3d3       100%        5
 Simulacrum               Ice/Necr       2%         N/A       100%        6
 Enfeeble                 Hex            0%         N/A       100%        7
 Polar Vortex             Ice            4%         N/A       100%        9


Dungeon Overview and Level Annotations

Branches:
Dungeon (5/15)
 Temple: D:4-7


Innate Abilities, Weirdness & Mutations

You have an increased reservoir of magic. (+10% MP)
You shall have no god before yourself.
Your divine heritage dramatically boosts your attributes as you level up.


Message History

Aim: a black bear (heavily wounded)
You freeze the black bear.
The black bear is heavily wounded.
The black bear barely misses you. The black bear claws you.
The black bear barely misses you.
Casting: Freeze (safe; 10% risk of failure)
Confirm with . or Enter, or press ? or * to list all spells.
Aiming: Freeze (safe; 10% risk of failure)
Press: ? - help, Shift-Dir - straight line, f/p - black bear
Aim: a black bear (heavily wounded)
You freeze the black bear.
The black bear is severely wounded.
The black bear bites you.
The black bear claws you but does no damage.
The black bear claws you.
Unknown command.
Casting: Freeze (safe; 10% risk of failure)
Confirm with . or Enter, or press ? or * to list all spells.
Aiming: Freeze (safe; 10% risk of failure)
Press: ? - help, Shift-Dir - straight line, f/p - black bear
Aim: a black bear (severely wounded)
You freeze the black bear.
The black bear is almost dead.
The black bear goes berserk!
Unknown command.
Unknown command.
Casting: Freeze (safe; 10% risk of failure)
Confirm with . or Enter, or press ? or * to list all spells.
Aiming: Freeze (safe; 10% risk of failure)
Press: ? - help, Shift-Dir - straight line, f/p - black bear
Aim: a black bear (severely wounded, berserk)
You freeze the black bear.
The black bear is almost dead.
The black bear bites you. The black bear claws you.
* * * LOW HITPOINT WARNING * * *
The black bear completely misses you. The black bear bites you!
* * * LOW HITPOINT WARNING * * *
The black bear claws you but does no damage.
The black bear claws you.
You die...

#..# #.# (.# #...... #..#
#.####..## #...... #..#
#......... #.....# #..#
#.......#. #.###.# #..#
#.#####.#.##.# #.# ####..#
#.# # #....# #.#
#.....####.#####.###..###.#
#.##......h...............#
#.###.....@...........#####
#.# ###############...# #
#.# #...# # #.# #...####.
#.# #.......# #.#
######...####. #.#
#........##### #.#
#.####........ #.# #.#
#........


You could see a black bear (berserk).

Vanquished Creatures
  4 orc priests
  3 orc wizards
  7 adders
  An ufetubus (D:4)
  A dart slug (D:3)
  7 orcs
  6 ball pythons
  A bat (D:3)
  4 endoplasms
  2 giant cockroaches
  2 goblins
  A hobgoblin (D:4)
  2 jackals (D:1)
  5 quokkas
  4 frilled lizards
  A goblin skeleton (D:3)
  8 kobolds
  4 rats
63 creatures vanquished.

Vanquished Creatures (others)
  A human (D:3)
  An adder (D:3)
  A dart slug (D:3)
  A bat (D:3)
  3 fungi (D:3)
  11 plants (D:3)
18 creatures vanquished.

Grand Total: 81 creatures vanquished

Notes
Turn   | Place    | Note
-------+----------+-------------------------------------------
     0 | D:5      | drugrobin the Demigod Delver began the quest for the Orb.
     0 | D:5      | Reached XP level 1. HP: 18/18 MP: 3/3
    28 | D:5      | Noticed an ice beast
    78 | D:4      | Noticed an orc wizard
   108 | D:4      | Noticed a black bear
   498 | D:4      | Reached skill level 1 in Spellcasting
   498 | D:4      | Reached XP level 2. HP: 26/26 MP: 5/5
   517 | D:3      | Learned a level 1 spell: Magic Dart
   612 | D:1      | Learned a level 2 spell: Call Imp
  1326 | D:1      | Noticed a formicid
  1329 | D:1      | Noticed a vampire
  1331 | D:1      | Noticed a formicid
  1335 | D:1      | Noticed a draconian
  1335 | D:1      | Noticed a naga
  1337 | D:1      | Noticed a minotaur
  1339 | D:1      | Noticed an octopode
  1339 | D:1      | Noticed a draconian
  1341 | D:1      | Noticed a vine stalker
  1341 | D:1      | Noticed a minotaur
  1342 | D:1      | Noticed a spriggan
  1343 | D:1      | Noticed a troll
  1344 | D:1      | Noticed a demigod
  1345 | D:1      | Noticed a vine stalker
  1346 | D:1      | Noticed a minotaur
  1348 | D:1      | Noticed a draconian
  1444 | D:2      | Reached XP level 3. HP: 26/31 MP: 4/7
  2116 | D:3      | Noticed a human
  2117 | D:3      | Found a runed translucent door.
  2221 | D:3      | Learned a level 1 spell: Freeze
  2287 | D:3      | Saw a vision of the Shoals and the Spider Nest.
  2287 | D:3      | Noticed a merfolk
  2287 | D:3      | Noticed a pharaoh ant
  2287 | D:3      | Noticed a demonic crawler
  2287 | D:3      | Noticed an entropy weaver
  2287 | D:3      | Noticed a merfolk avatar
  2287 | D:3      | Noticed a jumping spider
  2287 | D:3      | Noticed a snapping turtle
  2287 | D:3      | Noticed a manticore
  2287 | D:3      | Noticed an orb spider
  2287 | D:3      | Noticed a merfolk impaler
  2287 | D:3      | Noticed a jumping spider
  2287 | D:3      | Noticed a sun moth
  2287 | D:3      | Noticed a ghost moth
  2287 | D:3      | Noticed a moth of wrath
  2287 | D:3      | Noticed a snapping turtle
  2287 | D:3      | Noticed a merfolk impaler
  2287 | D:3      | Noticed a jorogumo
  2288 | D:3      | Noticed a demonic crawler
  2288 | D:3      | Noticed a jumping spider
  2289 | D:3      | Noticed a tarantella
  2290 | D:3      | Noticed a jumping spider
  2340 | D:3      | Killed a human
  2963 | D:3      | Reached XP level 4. HP: 37/40 MP: 0/9
  3158 | D:3      | Reached skill level 1 in Ice Magic
  3760 | D:3      | Reached XP level 5. HP: 14/47 MP: 3/10
  4912 | D:4      | Reached XP level 6. HP: 53/55 MP: 9/11
  5049 | D:4      | Slain by a black bear

Illustrated notes

Levels and vault maps discovered:
D:1:      shiori_arrival_whats_in_store_for_you, layout_basic,
          hangedman_decor_push
D:2:      layout_basic
D:3:      layout_loops_ring, grunt_ashenzari_visionary
          [grunt_ashenzari_visionary_shoals, grunt_ashenzari_visionary_spider],
          old_standard_altar, dk_yredelemnul_ordeal,
          dreamdust_ecumenical_altar_grove, roderic_lattice_a
D:4:      layout_loops_ring
D:5:      layout_cave_pools, uniq_ijyb

Skill      XL: |  1  2  3  4  5 |
---------------+----------------+-----
Fighting       | 3 4 |  4.9
Spellcasting   | 1 |  1.8
Ice Magic      | 2 3 |  3.0
Axes           | |  1.7
Dodging        | |  1.7
Stealth        | |  4.5
Conjurations   | |  0.5

Action                   |  1- 3 |  4- 6 || total
-------------------------+-------+-------++-------
Melee: Hand axe          |   114 |    97 ||   211
       Punch             |       |     1 ||     1
 Cast: Magic Dart        |    33 |    12 ||    45
       Freeze            |     1 |    30 ||    31
       Call Imp          |     1 |     3 ||     4
  Use: Potion            |       |     2 ||     2
 Stab: Sleeping          |    10 |       ||    10
Armor: Leather armour    |    17 |    17 ||    34
Dodge: Dodged            |    97 |    86 ||   183

Table legend: (Time is in decaauts)
 A = Elapsed time spent in this place.
 B = Non-inter-level travel time spent in this place.
 C = Inter-level travel time spent in this place.
 D = Time resting spent in this place.
 E = Time spent auto-exploring this place.
 F = Levels seen in this place.
 G = Mean time per level.
                   A        B        C        D        E       F      G
               +--------+--------+--------+--------+--------+-----+--------+
         Total |   5098 |   4921 |    177 |   1017 |   2779 |   5 | 1019.6 |
       Dungeon |   5098 |   4921 |    177 |   1017 |   2779 |   5 | 1019.6 |
               +--------+--------+--------+--------+--------+-----+--------+

Top non-repeatable levels by time:
     D:3: 2257 daAuts
     D:4: 1193 daAuts
     D:1: 887 daAuts
     D:2: 697 daAuts
     D:5: 61 daAuts
